 Dungeon Crawl Stone Soup version 0.31.0-11-ge490571c62 (webtiles) character file.

Game seed: 16874583980919712712

57 qw the Shooter (level 3, -1/20 HPs)
             Began as a Deep Elf Hunter on Feb 3, 2024.
             Slain by a gnoll
             ... wielding a +0 club
              (8 damage)
             ... on level 2 of the Dungeon.
             The game lasted 00:00:04 (1708 turns).

qw the Shooter (Deep Elf Hunter)                    Turns: 1708, Time: 00:00:05

Health: -1/20      AC:  6    Str: 10    XL:     3   Next: 73%
Magic:  5/5        EV: 11    Int: 13    God:
Gold:   79         SH:  0    Dex: 18    Spells: 2/2 levels left

rFire   . . .        a - +0 shortbow
rCold   . . .        (shield currently unavailable)
rNeg    . . .        j - +0 ring mail
rPois   .            (no helmet)
rElec   .            h - +0 cloak
rCorr   .            (no gloves)
SInv    .            (no boots)
Will    .....        (no amulet)
Stlth   +            (no ring)
HPRegen 0.23/turn    (no ring)
MPRegen 0.09/turn

%: no passive effects
@: no status effects
A: no striking features
a: no special abilities


You were on level 2 of the Dungeon.
You visited 1 branch of the dungeon, and saw 3 of its levels.

You collected 79 gold pieces.


   Skills:
 - Level 1.5 Fighting
 + Level 7.2 Ranged Weapons
 - Level 2.4 Dodging
 - Level 1.2 Stealth


You had 2 spell levels left.
You didn't know any spells.
Your spell library was empty.

Inventory:

Hand Weapons
 a - a +0 shortbow (weapon)
Armour
 h - a +0 cloak (worn)
 j - a +0 ring mail (worn)
Scrolls
 e - 2 scrolls of teleportation
 f - 2 scrolls of identify
Potions
 b - a potion of haste

Dungeon Overview and Level Annotations

Branches:
Dungeon (3/15)

Altars:


Message History

1696 ||| STAIRDANCE The gnoll barely misses you.
You climb upwards.
The teleport trap disappears.
The gnoll disappears!
There is a stone staircase leading down here.
Enter note:
Enter note:
Enter note: You climb downwards.
The gnoll hits you with a +0 club. The gnoll completely misses you.
There is a stone staircase leading up here.
You shoot an arrow. The arrow closely misses the gnoll.
The gnoll hits you but does no damage.
You shoot an arrow. The arrow hits the gnoll.
The gnoll is lightly wounded.
The gnoll barely misses you.
You shoot an arrow.
The arrow hits the gnoll but does no damage.
The gnoll is lightly wounded.
The gnoll hits you with a +0 club.
You shoot an arrow.
The arrow hits the gnoll but does no damage.
The gnoll is lightly wounded.
The gnoll completely misses you.
You shoot an arrow. The arrow closely misses the gnoll.
You hear a shout!
The gnoll barely misses you.
A gnoll comes into view. It is wielding a +0 spear.
The gnoll hits you with a +0 club.
1705 ||| STAIRDANCE The gnoll hits you with a +0 club.
You climb upwards.
There is a stone staircase leading down here.
You shoot an arrow.
The arrow hits the gnoll but does no damage.
The gnoll is lightly wounded.
The gnoll barely misses you.
You shoot an arrow. The arrow hits the gnoll.
The gnoll is moderately wounded.
The gnoll hits you with a +0 club!
You die...

####.....##### #.#
##...## ######.### ##.##
#....>...# #.# #.####.#.#
#.# #.# #..#.# ##+##
#.###.##.# ##...##
#........# ##.....##
#####%#### ##.......##
##@#.######
##.........####..g.....(#
.'.........'.......####.#
##.........####....# #.#
##.......## ##.#.## #.#
##.....## ###..# #.#
##...## #..# #.#
##'######## #..###.#
#........# #......#


You could see a gnoll.

Vanquished Creatures
  2 adders (D:2)
  2 dart slugs
  4 endoplasms
  3 giant cockroaches
  A goblin (D:1)
  5 hobgoblins
  2 kobolds
  3 quokkas
  3 ball pythons
  2 bats (D:1)
  2 frilled lizards
  6 rats
35 creatures vanquished.

Notes
Turn   | Place    | Note
-------+----------+-------------------------------------------
     0 | D:1      | qw the Deep Elf Hunter began the quest for the Orb.
     0 | D:1      | Reached XP level 1. HP: 12/12 MP: 3/3
     0 | D:1      | 0 ||| qw: Version: 0.3-a-157-g843a77d
     0 | D:1      | 0 ||| qw: Game counter: 3581
     0 | D:1      | 0 ||| qw: Melee chars always use a shield: true
     0 | D:1      | 0 ||| qw: God list: Okawaru
     0 | D:1      | 0 ||| qw: Allow faded altars: false
     0 | D:1      | 0 ||| qw: Do Orc after clearing Dungeon:15 true
     0 | D:1      | 0 ||| qw: Do second Lair branch before Depths: true
     0 | D:1      | 0 ||| qw: Lair rune preference: random
     0 | D:1      | 0 ||| qw: Goals: Normal
     0 | D:1      | 0 ||| PLANNING D:1-11
   230 | D:1      | Reached XP level 2. HP: 14/16 MP: 4/4
   239 | D:1      | Reached skill level 6 in Ranged Weapons
   342 | D:1      | Found a faded altar of an unknown god.
   743 | D:1      | 743 ||| UPGRADING to +0 cloak.
   748 | D:1      | 748 ||| UPGRADING to +0 ring mail.
   758 | D:1      | 758 ||| DROPPING +0 leather armour.
   759 | D:1      | 759 ||| DROPPING ring of magical power.
   760 | D:1      | 760 ||| READING 3 scrolls labelled LEICVY NEUMA.
   763 | D:1      | 763 ||| READING 3 scrolls labelled NAWOPA EDGHE.
   763 | D:1      | 763 ||| IDENTIFYING scroll labelled SITOIF VETO
   764 | D:1      | 764 ||| READING 2 scrolls of identify.
   764 | D:1      | 764 ||| IDENTIFYING scroll labelled EPPEEKHIOKU
   765 | D:1      | 765 ||| DROPPING scroll of butterflies.
   766 | D:1      | 766 ||| DROPPING scroll of amnesia.
   767 | D:1      | 767 ||| DROPPING scroll of poison.
  1000 | D:2      | Reached XP level 3. HP: 20/20 MP: 5/5
  1245 | D:2      | Reached skill level 7 in Ranged Weapons
  1647 | D:2      | 1647 ||| READING 3 scrolls of identify.
  1647 | D:2      | 1647 ||| IDENTIFYING bubbling puce potion
  1696 | D:3      | 1696 ||| STAIRDANCE
  1705 | D:3      | 1705 ||| STAIRDANCE
  1708 | D:2      | Slain by a gnoll

Levels and vault maps discovered:
D:1:      psy_arrival_radial01, layout_basic,
          shapermc_ecumenical_altar_rom_forum
D:2:      layout_loops_corners
D:3:      layout_basic, grunt_temple_overflow_open, eino_tiny_chamber

Skill      XL: |  1  2  3 |
---------------+----------+-----
Ranged Weapons | 6 7 |  7.2
Fighting       | |  1.5
Dodging        | |  2.4
Stealth        | |  1.2

Action                     || total
---------------------------++-------
   Fire: Shortbow          ||   100
    Use: Scroll            ||     4
 Armour: Leather armour    ||    11
         Ring mail         ||    20
  Dodge: Dodged            ||    28

Table legend:
 A = Non-vault XP
 B = Vault XP
 C = Vault XP percentage of total XP
 D = Non-vault monster count
 E = Vault monster count
 F = Vault count percentage of total count
                 A         B        C        D         E       F
            +---------+---------+-------+---------+---------+-------
      Total |      82 |       0 |   0.0 |      35 |       0 |   0.0
            +---------+---------+-------+---------+---------+-------
        D:1 |      31 |       0 |   0.0 |      18 |       0 |   0.0
        D:2 |      51 |       0 |   0.0 |      17 |       0 |   0.0
            +---------+---------+-------+---------+---------+-------
